[Event "Budapest Chess Festival 2024"]
[Site "Budapest"]
[Date "2024.05.29"]
[Round "7.4"]
[White "Aryan Chopra"]
[Black "Yaniv, Yuval"]
[Result "1-0"]
[ECO "E97"]
[WhiteElo "2641"]
[BlackElo "2337"]
[Annotator "TA"]
[PlyCount "99"]
[EventDate "2024.05.20"]
[EventType "swiss"]
[EventCountry "HUN"]
[SourceTitle "playchess.com"]
[Source "ChessBase"]
[SourceQuality "1"]
[TimeControl "40/5400+30:1800+30"]

1. d4 Nf6 2. c4 g6 3. Nc3 Bg7 4. e4 d6 5. Nf3 O-O 6. Be2 e5 7. O-O Nc6 8. d5 Ne7 9. b4 a5 10. bxa5 Rxa5 11. a4 Ne8 12. Be3 h6 13. Nd2 f5 {[%emt 0:02:44][%cal Bf7f5,Bf5f4][%mdl 32] White is slightly better.} 14. f3 b6 15. Nb3 Ra8 16. a5 Rb8 (16... bxa5 $14 17. Nxa5 (17. Rxa5 Rxa5 18. Nxa5 Kh7 $16) 17... fxe4) 17. axb6 $16 cxb6 18. Ra7 f4 19. Bf2 Bd7 20. Nb5 Nc8 21. Ra3 g5 22. g4 fxg3 23. hxg3 Nf6 {[%emt 0:07:07] [#]} (23... Bh3 $14) 24. Nd2 $1 h5 25. Be3 Bh6 26. Rf2 Rf7 27. Nf1 Rg7 28. Rh2 Be8 29. g4 Ne7 30. Ra7 {[%emt 0:05:12] Nc7 would now be deadly.} h4 31. Bd2 Nh7 ({Black should play} 31... Bxb5 32. cxb5 Ng6) 32. Ne3 Nf8 {[%emt 0:00:30] [#]} 33. Rxe7 $1 Rxe7 34. Nf5 $1 Rh7 35. Nbxd6 {[%emt 0:02:26] White is much more active. Excellent horsemanship.} (35. Nfxd6 Bxb5 36. Nxb5 Rd7 $11) 35... Ng6 (35... Bd7 $16 36. Qc1 Ra8 37. Nxh6+ Rxh6) 36. Nxe8 $18 Qxe8 37. d6 Qd8 {[%emt 0:02:49] Prevents c5} (37... Nf8 $142 38. Be3 Nd7 39. Qd5+ Qf7) 38. Qc1 Nf4 (38... Qc8 {might work better.} 39. Be3 (39. Bxg5 Bxg5 40. Qxg5 Kf7 $18) 39... Bg7 40. Bxg5 Kf7) 39. Bxf4 gxf4 {[%emt 0:00:06] [#] Black is weak on the light squares} 40. c5 $1 (40. Nxh4 Bf8 41. Nf5 Rxh2 42. Kxh2 Bxd6 $15) (40. Rxh4 Bg5 41. Rxh7 Kxh7 $16) 40... bxc5 41. Rxh4 ({Not} 41. Nxh4 Qxd6 42. Nf5 Qb6 $14) 41... Qf6 42. Qxc5 Rb1+ 43. Kg2 {[%emt 0:15:23] Threatening mate with Bc4+.} Rb2 44. Qc4+ Kh8 {[%emt 0:00:13] [#]} 45. d7 $1 {[%emt 0:01:02][%mdl 512] White mates.} Rd2 46. Rxh6 (46. d8=N Rxd8 47. Rh5 Bg7 (47... Bg5 48. Qc7 $15) 48. Rxh7+ Kxh7 $19) 46... Rxh6 47. Nxh6 Qxh6 48. Qc8+ Kh7 49. d8=Q ({Weaker is} 49. d8=B Rxe2+ 50. Kf1 Rd2 51. Qf5+ Kg8 52. Qg5+ Qxg5 53. Bxg5 Kg7 $17) 49... Rxe2+ 50. Kf1 {[%emt 0:00:03] Weighted Error Value: White=0.07 (flawless) /Black=0.51.  Mistake:       	---       	Black=6      Inaccurate:     	White=2     	Black=4      OK:         	White=13    	Black=7      Best:        	White=3     	---        Strong:       	White=2     	---} 1-0

[Event "Budapest Chess Festival 2024"]
[Site "Budapest"]
[Date "2024.05.29"]
[Round "7.5"]
[White "Deuer, Marius"]
[Black "Berkes, Ferenc"]
[Result "1/2-1/2"]
[ECO "D11"]
[WhiteElo "2436"]
[BlackElo "2618"]
[Annotator "TA"]
[PlyCount "62"]
[EventDate "2024.05.20"]
[EventType "swiss"]
[EventCountry "HUN"]
[SourceTitle "playchess.com"]
[Source "ChessBase"]
[SourceQuality "1"]
[TimeControl "40/5400+30:1800+30"]

1. d4 d5 2. c4 c6 3. Nf3 Nf6 4. Qc2 g6 5. Bf4 Bg7 6. e3 O-O 7. Nc3 Qa5 8. Nd2 Bf5 9. Bd3 Bxd3 10. Qxd3 {[%emt 0:00:02] The position is equal.} Nbd7 11. O-O Qa6 12. b4 Nb6 13. b5 cxb5 14. cxb5 Qa3 15. Rab1 e6 16. h3 Rac8 17. Rb3 Qe7 18. Nf3 (18. Ne2 $5) 18... Nc4 19. Rbb1 Qa3 {[%emt 0:04:06] [#] White must now prevent ...Na5.} 20. Rb3 Qe7 21. Rbb1 h6 22. Rfe1 Rfd8 23. Re2 Ne8 24. a4 Ned6 25. Ra2 Qf6 26. a5 Qf5 27. Qxf5 Nxf5 28. Na4 g5 29. Bh2 Bf8 30. b6 axb6 31. g4 Nfd6 {[%emt 0:01:08] Weighted Error Value: White=0.07 (flawless) /Black=0.08 (flawless) .  Mistake:       	---       	Black=1      Inaccurate:     	White=2     	Black=2      OK:         	White=9     	Black=9      Best:        	White=2     	---} (31... b5 $1 $14) 1/2-1/2

[Event "Budapest Chess Festival 2024"]
[Site "Budapest"]
[Date "2024.05.29"]
[Round "7.6"]
[White "Gschnitzer, Adrian"]
[Black "Samunenkov, Ihor"]
[Result "1/2-1/2"]
[ECO "B12"]
[WhiteElo "2431"]
[BlackElo "2547"]
[Annotator "TA"]
[PlyCount "53"]
[EventDate "2024.05.20"]
[EventType "swiss"]
[EventCountry "HUN"]
[SourceTitle "playchess.com"]
[Source "ChessBase"]
[SourceQuality "1"]
[TimeControl "40/5400+30:1800+30"]

1. e4 c6 2. d4 d5 3. e5 c5 4. dxc5 e6 5. a3 Bxc5 6. b4 Be7 7. Nf3 Nd7 8. Bb2 a5 9. bxa5 Nh6 10. Bd3 O-O 11. O-O Rxa5 12. Nbd2 Nc5 13. Nb3 Nxd3 14. cxd3 Ra8 15. Nbd4 Qb6 16. Qe2 Bd7 17. Rfb1 Rfc8 18. Bc3 Qa6 19. Bb4 Bxb4 20. Rxb4 Rc3 21. Rab1 ({Better is} 21. a4 $14) 21... Qxd3 $11 {[%emt 0:03:50] The position is equal.} 22. Rxb7 Be8 23. Rb8 Rxb8 ({Weaker is} 23... Raxa3 24. Rxe8#) ({Wrong is} 23... Qxe2 $2 24. Rxa8 Kf8 25. Nxe2 $18) 24. Rxb8 Kf8 {[%emt 0:00:10] [#] Strongly threatening ...Rc1+.} 25. Qxd3 Rxd3 26. h3 Nf5 27. Nxf5 {[%emt 0:08:42] Weighted Error Value: White=0.06 (flawless) /Black=0.06 (flawless) .  Mistake:       	White=1     	---        Inaccurate:     	White=1     	Black=2      OK:         	White=9     	Black=10} 1/2-1/2

[Event "Budapest Chess Festival 2024"]
[Site "Budapest"]
[Date "2024.05.29"]
[Round "7.8"]
[White "Costa, Leonardo"]
[Black "Vanczak, Tamas"]
[Result "1-0"]
[ECO "B12"]
[WhiteElo "2486"]
[BlackElo "2412"]
[Annotator "TA"]
[PlyCount "85"]
[EventDate "2024.05.20"]
[EventType "swiss"]
[EventCountry "HUN"]
[SourceTitle "playchess.com"]
[Source "ChessBase"]
[SourceQuality "1"]
[TimeControl "40/5400+30:1800+30"]

1. e4 c6 2. d4 d5 3. e5 Bf5 4. Nf3 e6 5. Be2 Nd7 6. O-O a5 7. a4 f6 8. c4 fxe5 {[%emt 0:00:24] The position is equal.} 9. dxe5 Bc5 10. Nbd2 Ne7 11. Nb3 Ba7 12. Bd2 O-O 13. cxd5 ({White should try} 13. Bxa5 $14 Qe8 14. Bc7) 13... exd5 $11 14. Bxa5 Qe8 (14... Qc8 $11) 15. Bc7 (15. Bb4 {keeps more tension.} Bg4 16. e6 Bxe6 17. Re1) 15... Bb8 16. Bxb8 Qxb8 17. Qd4 Ng6 18. Rfe1 Re8 19. Qc3 Bg4 20. a5 Bxf3 $1 21. Bxf3 Ngxe5 22. Be2 Qd6 23. Rac1 Rac8 24. f4 Ng6 25. g3 c5 {[%emt 0:08:05] [#] Dodges Nd4. White now steadily converts the win.} 26. Bg4 $1 Rxe1+ (26... c4 $16 {was worth a try.}) 27. Rxe1 $18 {[%emt 0:00:10] Strongly threatening Nd4.} (27. Qxe1 $6 Ngf8 $16) 27... Ngf8 28. Nd4 {[%emt 0:03:45] Nf5 would now be deadly.} Qf6 29. Nf5 Kh8 30. Re7 (30. Qb3 $142 g6 31. Ne3 (31. Qxb7 gxf5 32. Qxc8 Qd4+ 33. Kh1 fxg4 $11)) 30... Qxc3 31. bxc3 {[%emt 0:00:03][%cal Of5d6] And now Nd6! would win.} Ra8 32. Nxg7 (32. Rxg7 Rxa5 33. Rf7 Ra6) 32... Nf6 {[%emt 0:00:10] [#]} 33. Bf3 Rxa5 34. Nf5 {[%emt 0:00:40][%cal Oe7f7] Rf7! is the strong threat.} (34. Rxb7 d4 35. cxd4 c4 $16) 34... Ra3 $2 (34... b5 35. Rf7 N8d7) 35. Rf7 (35. Rxb7 d4 36. Rc7 dxc3 37. Rxc5 c2 38. Rxc2 Rxf3 $15) 35... N6d7 36. Bxd5 Rxc3 37. g4 {[%emt 0:01:11][%cal Bg3g4,Bg4g5][%mdl 32] Threatens to win with g5!} ({Weaker is} 37. Bxb7 Ra3 38. Bc6 Ra7 $18) 37... Rd3 38. Bc4 ({Not} 38. Bxb7 c4 39. Be4 Rd2 $16) 38... Rd2 (38... Rd1+ $142 39. Kf2 Rb1) 39. g5 {[%emt 0:00:46] Black must now prevent Rg7.} Rc2 40. Bb5 Rd2 41. Nh6 Rd4 42. f5 c4 43. f6 {[%emt 0:00:04] Weighted Error Value: White=0.09 (flawless) /Black=0.46.  Mistake:       	White=2     	Black=4      Inaccurate:     	---       	Black=4      OK:         	White=14    	Black=12     Best:        	White=5     	---        Strong:       	White=1     	Black=1} 1-0

[Event "Budapest Chess Festival 2024"]
[Site "Budapest"]
[Date "2024.05.29"]
[Round "7.9"]
[White "Haring, Filip"]
[Black "Aizenberg, Benny"]
[Result "1-0"]
[ECO "B94"]
[WhiteElo "2484"]
[BlackElo "2403"]
[Annotator "TA"]
[PlyCount "89"]
[EventDate "2024.05.20"]
[EventType "swiss"]
[EventCountry "HUN"]
[SourceTitle "playchess.com"]
[Source "ChessBase"]
[SourceQuality "1"]
[TimeControl "40/5400+30:1800+30"]

1. e4 c5 2. Nf3 d6 3. d4 cxd4 4. Nxd4 Nf6 5. Nc3 a6 6. Bg5 Nbd7 7. Qe2 {[%emt 0:02:14] B94: Sicilian Najdorf: 6 Bg5 Nbd7.} g6 8. f4 e5 {[%emt 0:01:13] [#]} 9. O-O-O ({Better is} 9. fxe5 $1 $14 dxe5 10. Nb3) 9... Qc7 (9... exd4 $11 10. e5 dxc3 (10... dxe5 11. fxe5 Qa5 12. exf6+ Kd8 13. Ne4 $11) 11. exf6+ Ne5 12. fxe5 Qa5) 10. Nf3 (10. fxe5 $14 dxe5 11. Qf3 exd4 12. Bxf6 Nxf6 13. Qxf6 dxc3 14. Qxh8) 10... h6 11. Bxf6 Nxf6 12. Qc4 $146 ({Predecessor:} 12. g3 Bg7 13. Qd2 Bg4 14. Be2 O-O-O 15. Kb1 Kb8 16. h3 Be6 17. Qe3 Rc8 18. Rd2 {0-1 Adam,E (2036)-Zuriel,M (2165) ARG-ch (Women) 74th 2023 (9)}) 12... Qe7 (12... Qb8 $11) 13. fxe5 dxe5 14. Qa4+ $1 Bd7 15. Bb5 O-O-O $1 16. Bxd7+ Nxd7 17. Nd5 Qe6 18. Qa5 ({White should play} 18. Qc4+ $16 Qc6 19. Nd2) 18... Bd6 $1 $11 19. Rd3 Kb8 (19... Nf6 $1 $11 {remains equal.}) 20. Rb3 (20. Rhd1 $16 {[%cal Od5f4] aiming for Nf4!} Nc5 21. Rc3) 20... Nc5 $11 21. Rb6 $1 Qd7 (21... Rc8 $11 {should be considered.}) 22. b4 (22. Nb4 $14) 22... Nxe4 $2 (22... Qa4 $1 $15 {stays ahead.} 23. Rxb7+ (23. Qxa4 $2 Nxa4 24. Rxd6 Rxd6 $19) 23... Kxb7 24. Qb6+ Kc8) 23. Qxa6 (23. Re1 $1 $16 f5 (23... Bc5 $2 24. bxc5 Qxd5 25. Rxe4 $18) 24. Qxa6) 23... Rc8 $2 {[%emt 0:00:08] [#]} (23... Bc5 $11 {and Black is okay.} 24. bxc5 Nxc5) 24. Re1 $1 $18 f5 $2 {[%emt 0:01:01] [#]} (24... Nc5 25. bxc5 Bxc5) 25. Re3 $1 $18 Qf7 (25... Bc5 $142) 26. Qa5 $18 Bc5 27. Rd3 (27. bxc5 Rxc5 28. Qa6 (28. Nxe5 $2 Qxd5 29. Qb4 Qxe5 $19) 28... Qxd5 $14) 27... Rhd8 28. Nxe5 Qxd5 29. Rxd5 Rxd5 30. bxc5 Rxe5 31. Rxb7+ (31. Rxg6 Rexc5 32. Qa4 Nc3 $16) 31... Kxb7 32. c6+ $1 Rxc6 33. Qxe5 h5 34. Qb5+ Kc7 35. a4 Rb6 $2 (35... Nc5 36. Kd2 Ne4+ 37. Kd3 Rc3+ 38. Kd4 Rc6 39. Qe5+ Rd6+ 40. Ke3 Nf6) 36. Qe5+ $18 Kb7 37. a5 Rd6 38. Qb5+ Ka7 39. c4 h4 40. h3 (40. c5 $142 Rd1+ 41. Kc2 (41. Kxd1 $2 {too greedy.} Nc3+ 42. Kd2 Nxb5 $19) 41... Rd2+ 42. Kb3 Rd1 43. Qb6+ Ka8 44. Kc2 (44. Qxg6 Nxc5+ 45. Kc2 Rd7 $18) 44... Rd2+ 45. Kc1) 40... g5 41. Qxf5 Rd4 42. Qe6 Nd6 43. Qd7+ Ka6 44. Qc6+ Kxa5 45. Qc5+ 1-0

[Event "Budapest Chess Festival 2024"]
[Site "Budapest"]
[Date "2024.05.29"]
[Round "7.10"]
[White "Juhasz, Agoston"]
[Black "Horvath, Adam"]
[Result "1-0"]
[ECO "B40"]
[WhiteElo "2431"]
[BlackElo "2448"]
[Annotator "RC"]
[PlyCount "115"]
[EventDate "2024.05.20"]
[EventType "swiss"]
[EventCountry "HUN"]
[SourceTitle "playchess.com"]
[Source "ChessBase"]
[SourceQuality "1"]
[TimeControl "40/5400+30:1800+30"]

1. e4 c5 2. Nf3 e6 3. c3 Nf6 4. e5 Nd5 5. a3 d6 6. d4 cxd4 7. c4 Ne7 8. exd6 Qxd6 9. Nc3 Nbc6 10. Nb5 Qb8 11. Nfxd4 Ng6 12. Be3 Be7 13. g3 O-O 14. Bg2 Rd8 15. Qe2 Bd7 16. O-O a6 17. Nc3 Qe5 18. Nf3 Qc7 19. Rac1 Na5 20. Nd4 Bf6 21. Ne4 Bxd4 22. Bxd4 Nb3 23. Rcd1 Nxd4 24. Rxd4 Bc6 25. Rfd1 Rxd4 26. Rxd4 h6 27. b4 b6 28. c5 Bd5 29. Qe3 Ne7 30. cxb6 Qxb6 31. Nf6+ Kh8 32. Nxd5 Nxd5 33. Bxd5 Rd8 34. Rc4 Qxe3 35. fxe3 Rxd5 36. Rd4 Re5 37. Kf2 a5 38. Ke2 Kh7 39. Kd3 axb4 40. axb4 Kg6 41. Rf4 f5 42. Rf2 Kf6 43. Rb2 Rd5+ 44. Kc3 Re5 45. b5 Rxe3+ 46. Kd4 Re5 47. b6 Rd5+ 48. Kc4 Rd8 49. b7 Rb8 50. Kc5 g5 51. Kc6 f4 52. gxf4 gxf4 53. Kc7 Rxb7+ 54. Rxb7 Kf5 55. Kd6 f3 56. Rf7+ Kg4 57. Ke5 h5 58. Ke4 1-0

[Event "Budapest Chess Festival 2024"]
[Site "Budapest"]
[Date "2024.05.29"]
[Round "7.11"]
[White "Antal, Gergely"]
[Black "Shagbazyan, Taron"]
[Result "0-1"]
[ECO "B12"]
[WhiteElo "2586"]
[BlackElo "2403"]
[Annotator "RC"]
[PlyCount "92"]
[EventDate "2024.05.20"]
[EventType "swiss"]
[EventCountry "HUN"]
[SourceTitle "playchess.com"]
[Source "ChessBase"]
[SourceQuality "1"]
[TimeControl "40/5400+30:1800+30"]

1. e4 c6 2. d4 d5 3. e5 Bf5 4. h4 h5 5. Bd3 Bxd3 6. Qxd3 Qa5+ 7. Nd2 e6 8. Ngf3 Nh6 9. O-O Nf5 10. a4 Qa6 11. c4 Bb4 12. b3 c5 13. Ba3 Nc6 14. Bxb4 cxb4 15. Qb1 Ncxd4 16. cxd5 exd5 17. Kh1 O-O-O 18. Nxd4 Nxd4 19. Qb2 Ne6 20. Nf3 Qd3 21. a5 a6 22. Rfd1 Qe4 23. Qd2 g5 24. Ra4 gxh4 25. Rxb4 d4 26. Re1 Qd5 27. Nxh4 Rhg8 28. f3 Rg5 29. Nf5 Rxf5 30. Qc2+ Kb8 31. Qxf5 Qxa5 32. Rxb7+ Kxb7 33. Qxf7+ Kb8 34. b4 Qxb4 35. Ra1 Qb6 36. Kh2 d3 37. Qg6 Ka7 38. Qf7+ Ka8 39. f4 d2 40. f5 d1=Q 41. Rxd1 Rxd1 42. fxe6 Qg1+ 43. Kg3 Qe1+ 44. Kf4 Qh4+ 45. Ke3 Qd4+ 46. Ke2 Qd3+ 0-1

[Event "Budapest Chess Festival 2024"]
[Site "Budapest"]
[Date "2024.05.29"]
[Round "7.12"]
[White "Prohaszka, Peter"]
[Black "Iliaguev, Nisim"]
[Result "1-0"]
[ECO "E11"]
[WhiteElo "2581"]
[BlackElo "2397"]
[Annotator "TA"]
[PlyCount "71"]
[EventDate "2024.05.20"]
[EventType "swiss"]
[EventCountry "HUN"]
[SourceTitle "playchess.com"]
[Source "ChessBase"]
[SourceQuality "1"]
[TimeControl "40/5400+30:1800+30"]

1. d4 Nf6 2. c4 e6 3. Nf3 Bb4+ 4. Bd2 Bxd2+ 5. Qxd2 d5 6. g3 O-O 7. Bg2 c6 8. a4 Ne4 9. Qc1 a5 {[%emt 0:03:44] The position is equal.} 10. O-O Na6 11. Nc3 Nb4 12. Rd1 Nd6 13. c5 Nf5 14. e4 dxe4 (14... Ne7 $11 {should be considered.}) 15. Nxe4 $14 b6 16. Qc3 Ba6 17. Rd2 {[%emt 0:02:13] Prevents Be2.} Ne7 18. Nd6 (18. cxb6 {keeps more tension.} Ned5 19. Qc5 Qxb6 20. Ne5) 18... Ned5 19. Qa3 Rb8 20. Rc1 Qe7 21. h4 f6 22. Re1 bxc5 23. dxc5 {[%emt 0:00:18] Strongly threatening Nd4.} Qa7 24. Rc1 {[%emt 0:05:44] White is more active.} (24. Rxe6 $5 Qxc5 25. Kh2 $14) 24... e5 {[%emt 0:02:26] Wards off Nd4} 25. Bh3 $1 {[%emt 0:00:04] Dodges Bc8} Kh8 {[%emt 0:00:35] [#]} 26. h5 $1 Qe7 27. Bf5 {[%emt 0:01:12] Threatens to win with Nh4.} Qa7 {[%emt 0:04:02] [#] A mistake that costs the game.} (27... Bc8 $1 $14) 28. Nh4 $1 $18 Ne7 {[%emt 0:01:16] Prevents Ng6+.} (28... Bc8 {was necessary.} 29. Bxc8 (29. Nxc8 Rbxc8 30. Bxc8 Rxc8 $18) 29... Rfxc8 30. Nxc8 Rxc8) 29. Be6 Nbd5 (29... Ng8 {is a better defense.} 30. Nhf5 Ne7) 30. Qf3 Ng8 $2 (30... Bc8) 31. Bxg8 Kxg8 32. Rxd5 cxd5 33. Qxd5+ Rf7 34. Nhf5 {[%emt 0:01:39] Excellent horsemanship.} ({Stronger than} 34. Qxf7+ Qxf7 35. Nxf7 Kxf7 $11) 34... Rbf8 35. c6 {[%emt 0:00:52][%cal Bc5c6,Bc6c7][%mdl 32] c7! would now be deadly.} Bc8 36. c7 {[%emt 0:01:42] Weighted Error Value: White=0.12 (very precise) /Black=0.46.  Mistake:       	---       	Black=5      Inaccurate:     	White=3     	Black=5      OK:         	White=8     	Black=4      Best:        	---       	Black=3      Strong:       	White=3     	---} 1-0

[Event "Budapest Chess Festival 2024"]
[Site "Budapest"]
[Date "2024.05.29"]
[Round "7.13"]
[White "Borgaonkar, Akshay"]
[Black "Dragnev, Valentin"]
[Result "1/2-1/2"]
[ECO "C47"]
[WhiteElo "2372"]
[BlackElo "2566"]
[Annotator "TA"]
[PlyCount "81"]
[EventDate "2024.05.20"]
[EventType "swiss"]
[EventCountry "HUN"]
[SourceTitle "playchess.com"]
[Source "ChessBase"]
[SourceQuality "1"]
[TimeControl "40/5400+30:1800+30"]

1. e4 e5 2. Nf3 Nc6 3. Nc3 Nf6 4. d4 exd4 5. Nxd4 Bb4 6. Nxc6 bxc6 7. Bd3 d5 8. Bd2 O-O 9. O-O Rb8 10. Re1 Bg4 11. Qc1 Re8 12. exd5 (12. Bg5 {is interesting.} h6 13. Bh4 Qd6 14. exd5 Rxe1+ 15. Qxe1 cxd5 16. Bxf6 Qxf6 17. Nxd5 Bxe1 18. Nxf6+ gxf6 19. Rxe1 Rxb2 20. f4) 12... Rxe1+ 13. Qxe1 cxd5 14. h3 Be6 15. b3 Bf8 16. Ne2 c5 17. Nf4 Bc8 18. Rd1 Bb7 19. c4 d4 20. Ne2 Qb6 21. Ng3 Re8 22. Qf1 a5 23. Re1 Ra8 24. Bg5 a4 25. Rb1 {[%emt 0:06:32] Black must now prevent bxa4.} Nd7 26. bxa4 Qa6 {[%emt 0:00:46] [#]} (26... Qc7 $1 $11) 27. a5 $1 $14 Re8 28. Re1 $1 Ra8 29. Rb1 (29. Bd2 $14) 29... Bc6 (29... Re8 $1 $11) 30. Bd2 {[%emt 0:00:54] White is more active.} g6 31. Qe2 {[%emt 0:02:52] Inhibits Re8.} Bd6 32. f4 ({White should play} 32. Bf5 $14 Qc8 (32... gxf5 $2 {too greedy.} 33. Nxf5 Bf8 34. Nh6+ Bxh6 35. Bxh6 $18) 33. Rb6) 32... Bc7 $11 33. Qe7 Bxa5 34. Bxa5 Qxa5 35. Be4 Qc7 {[%emt 0:01:29] The position is equal.} ({Don't play} 35... Qxa2 36. Re1 Qa4 (36... Bxe4 $2 37. Nxe4 Ra7 38. f5 $18) 37. f5 $14) 36. Bxc6 Qxc6 37. Ne4 {[%emt 0:00:16] [#] And now Nd6 would win.} Rxa2 {[%emt 0:02:11] aiming for ...Kg7.} 38. Rb8+ Nxb8 39. Nf6+ Kg7 40. Ne8+ Kg8 41. Nf6+ {[%emt 0:00:09] Weighted Error Value: White=0.09 (flawless) /Black=0.15 (very precise) .  Mistake:       	White=2     	Black=2      Inaccurate:     	White=1     	Black=2      OK:         	White=10    	Black=11     Best:        	White=4     	Black=4      Strong:       	White=1     	---        Brilliant:      	White=1     	---} 1/2-1/2

[Event "Budapest Chess Festival 2024"]
[Site "Budapest"]
[Date "2024.05.29"]
[Round "7.14"]
[White "Teclaf, Pawel"]
[Black "Nguyen, Piotr"]
[Result "1-0"]
[ECO "A05"]
[WhiteElo "2568"]
[BlackElo "2402"]
[Annotator "TA"]
[PlyCount "73"]
[EventDate "2024.05.20"]
[EventType "swiss"]
[EventCountry "HUN"]
[SourceTitle "playchess.com"]
[Source "ChessBase"]
[SourceQuality "1"]
[TimeControl "40/5400+30:1800+30"]

1. Nf3 Nf6 2. c4 g6 3. Nc3 Bg7 4. g3 d6 5. Bg2 c5 6. O-O O-O 7. d4 cxd4 8. Nxd4 Nc6 9. Nxc6 bxc6 10. Bxc6 Bh3 11. Bxa8 Qxa8 {[%emt 0:00:37] [#]} 12. f3 $1 Bxf1 13. Kxf1 Rc8 (13... Qc8 $14) 14. Qd3 $16 {[%emt 0:06:58] White is better.} Qb7 15. Be3 Qxb2 16. Rb1 Qa3 17. Nd5 Qxd3 18. Nxf6+ Bxf6 19. exd3 {[%emt 0:00:04][%mdl 4096] Endgame. KRB-KRB} a5 20. Rb5 Bc3 21. Ke2 a4 22. Kd1 f5 23. Kc2 Be1 ({Better is} 23... Bf6) 24. Rb1 Ba5 {[%emt 0:00:06] [#]} 25. Rb7 $1 Kf7 26. Ra7 {[%emt 0:00:54] White is more active.} Be1 27. Rxa4 h5 28. Ra7 Kf6 (28... d5 {keeps fighting.} 29. Bg5 Bb4) 29. a4 $18 {[%emt 0:01:44][%cal Ba2a4,Ba4a5,Ba5a6][%mdl 32] And now a5 would win.} g5 30. a5 d5 $2 (30... e5 31. a6 Bb4) 31. a6 f4 32. gxf4 gxf4 33. Bb6 dxc4 34. Rc7 cxd3+ 35. Kxd3 Rxc7 36. Bxc7 Bf2 37. Bxf4 {[%emt 0:00:03] Weighted Error Value: White=0.03 (flawless) /Black=0.73.  Mistake:       	---       	Black=4      Inaccurate:     	White=1     	Black=3      OK:         	White=16    	Black=8      Best:        	White=1     	Black=3} 1-0

[Event "Budapest Chess Festival 2024"]
[Site "Budapest"]
[Date "2024.05.29"]
[Round "7.15"]
[White "Mihok, Oliver"]
[Black "Tadic, Stefan"]
[Result "1/2-1/2"]
[ECO "C27"]
[WhiteElo "2528"]
[BlackElo "2399"]
[Annotator "RC"]
[PlyCount "39"]
[EventDate "2024.05.20"]
[EventType "swiss"]
[EventCountry "HUN"]
[SourceTitle "playchess.com"]
[Source "ChessBase"]
[SourceQuality "1"]
[TimeControl "40/5400+30:1800+30"]

1. e4 e5 2. Nc3 Nf6 3. Bc4 Nxe4 4. Qh5 Nd6 5. Bb3 Be7 6. Qxe5 O-O 7. Nf3 Nc6 8. Qf4 Na5 9. O-O Nxb3 10. axb3 Re8 11. d4 b5 12. d5 Bf6 13. Be3 Bxc3 14. bxc3 Re4 15. Qg5 Qxg5 16. Nxg5 Re5 17. Nf3 Rxd5 18. Rxa7 Rxa7 19. Bxa7 Bb7 20. Re1 1/2-1/2

[Event "Budapest Chess Festival 2024"]
[Site "Budapest"]
[Date "2024.05.29"]
[Round "7.16"]
[White "Parkhov, Yair"]
[Black "Karacsonyi, Gellert"]
[Result "1/2-1/2"]
[ECO "D27"]
[WhiteElo "2510"]
[BlackElo "2389"]
[Annotator "RC"]
[PlyCount "61"]
[EventDate "2024.05.20"]
[EventType "swiss"]
[EventCountry "HUN"]
[SourceTitle "playchess.com"]
[Source "ChessBase"]
[SourceQuality "1"]
[TimeControl "40/5400+30:1800+30"]

1. d4 d5 2. c4 dxc4 3. Nf3 Nf6 4. e3 e6 5. Bxc4 c5 6. O-O a6 7. Re1 Nc6 8. Nc3 Be7 9. dxc5 Qxd1 10. Rxd1 Bxc5 11. b3 b5 12. Bd3 Bb7 13. Bb2 O-O 14. a4 b4 15. Ne4 Be7 16. Ned2 Na5 17. Ne5 Rfd8 18. Bc2 Nd7 19. Ndc4 Nxc4 20. Nxc4 Bf6 21. Bxf6 Nxf6 22. f3 Nd5 23. e4 Nc3 24. Rxd8+ Rxd8 25. Kf2 f6 26. Ke3 e5 27. Bd3 Bc8 28. Na5 Rd6 29. Nc4 Rd8 30. Na5 Rd6 31. Nc4 1/2-1/2

[Event "Budapest Chess Festival 2024"]
[Site "Budapest"]
[Date "2024.05.29"]
[Round "7.17"]
[White "Vetoshko, Volodymyr"]
[Black "Niedbala, Bartlomiej"]
[Result "1/2-1/2"]
[ECO "A29"]
[WhiteElo "2505"]
[BlackElo "2399"]
[Annotator "TA"]
[PlyCount "39"]
[EventDate "2024.05.20"]
[EventType "swiss"]
[EventCountry "HUN"]
[SourceTitle "playchess.com"]
[Source "ChessBase"]
[SourceQuality "1"]
[TimeControl "40/5400+30:1800+30"]

1. c4 e5 2. Nc3 Nf6 3. Nf3 Nc6 4. g3 d5 5. cxd5 Nxd5 6. Bg2 Bc5 7. O-O O-O 8. d3 h6 9. Nxd5 Qxd5 10. Bd2 Qd6 11. Bc3 Nd4 12. Nd2 Bg4 13. Re1 c6 {[%emt 0:06:03] The position is equal.} 14. h3 Bf5 15. g4 Bh7 16. Nc4 Qe6 17. e3 Nb5 18. Bxe5 {[%emt 0:00:48] Strongly threatening Qb3.} Rad8 19. Bf1 Bb4 20. d4 {[%emt 0:11:44] An uneventful encounter.   Weighted Error Value: White=0.06 (flawless) /Black=0.05 (flawless) .  OK:         	White=7     	Black=6      Best:        	---       	Black=1} 1/2-1/2

[Event "Budapest Chess Festival 2024"]
[Site "Budapest"]
[Date "2024.05.29"]
[Round "7.18"]
[White "Arhan, Chethan Anand"]
[Black "Csonka, Balazs"]
[Result "1/2-1/2"]
[ECO "B52"]
[WhiteElo "2366"]
[BlackElo "2480"]
[Annotator "TA"]
[PlyCount "30"]
[EventDate "2024.05.20"]
[EventType "swiss"]
[EventCountry "HUN"]
[SourceTitle "playchess.com"]
[Source "ChessBase"]
[SourceQuality "1"]
[TimeControl "40/5400+30:1800+30"]

1. e4 c5 2. Nf3 d6 3. Bb5+ Bd7 4. Bxd7+ Nxd7 5. O-O Ngf6 6. Qe2 e6 7. b3 g6 8. Bb2 Bg7 9. c3 e5 {[%emt 0:13:58] The position is equal.} 10. d4 exd4 11. cxd4 {[%emt 0:00:05] [#] e5 would now be deadly.} cxd4 12. Bxd4 O-O 13. Nc3 Re8 14. Rad1 Qa5 15. Qb2 Qh5 {[%emt 0:00:14] Weighted Error Value: White=0.05 (flawless) /Black=0.06 (flawless) .  Inaccurate:     	---       	Black=1      OK:         	White=3     	Black=4} 1/2-1/2